Unix NetHack Version 5.0.0-0 post-release - last build Jun 10 2026 00:39:30 (3ee93aec679c4c4259841fe613dc97188e26a321,branch:main).

Game began 2026-06-13 11:44:15, ended 2026-06-13 12:47:55.

LDaviesPeters, neutral female human Archeologist

                                      ----+---
      ----------                    ##.......|
      |.........#######             # |....^.|
      |........|                ##### |.<....|     ----------------
      |........|           -----#   `#-......|     |!!..!!!]!.!!!!|
      |........|           |>...#####*--|---..##   |..!...!!!!!!!!|
      --------|-        ###...*.##`#`## #  *#`###[#-...!..!!.!!!.!|
              #     #####  |....#       ##     * ##|*!.!!.....!!!!|
            ###       # ###....|         #       ##----------------
            #  #     `#### -----         #       #
           ##   ` * ###                  ##  #####
          -@---  #####                  --|--#
          |>q.-##**                     |...|#
          |.d.| #                       |...|#
          |)..-##                       |...-#
          |...|                         |...|
          -----                         -----

LDaviesPeters the Investigator  St:13 Dx:13 Co:15 In:16 Wi:17 Ch:9  Neutral
Dlvl:4  $:0  HP:0(53) Pw:21(21) AC:6  Xp:6 T:5323 

Latest messages:
 The dwarf hits!
 You miss the dwarf.
 The little dog misses the dwarf.
 The dwarf hits!
 The gnome hits!
 The dwarf thrusts her broad short sword.
 The dwarf hits!
 The gnome picks up a hooded cloak.
 You climb up the stairs.
 The little dog picks up a rock.
 The little dog drops a rock.
 The little dog picks up a rock.
 You stop waiting.
 The little dog drops a rock.
 The little dog misses it.
 The little dog misses it.
 The little dog bites the rothe.
 The rothe hits the little dog.
 The rothe misses the little dog.
 The rothe misses the little dog.
 The little dog misses the rothe.
 There is a doorway here.
 You see here a rock.
 The little dog misses the rothe.
 What do you want to throw? [uw or ?*] ?
 In what direction? 2
 The dart hits the rothe.
 The little dog bites the rothe.
 The rothe hits the little dog.
 The rothe misses the little dog.
 The rothe misses the little dog.
 What do you want to throw? [uw or ?*] w
 In what direction? 2
 The dart misses the rothe.
 The little dog misses the rothe.
 The little dog misses the rothe.
 You miss the rothe.
 The little dog misses the rothe.
 The rothe hits!
 The rothe bites!
 The rothe bites again!
 You lash the rothe.
 The little dog misses the rothe.
 You miss the rothe.
 The little dog misses the rothe.
 The rothe hits!
 The rothe bites!
 The rothe bites again!
 You die...
 Do you want your possessions identified? [ynq] (y) q

Inventory:
 Weapons  (')')
  w - 3 +1 darts (at the ready)
  u - a +0 dagger
  a - a blessed +2 bullwhip (weapon in right hand)
 Armor    ('[')
  A - an uncursed +1 orcish helm (being worn)
  t - an uncursed +0 pair of kicking boots (being worn)
  h - an uncursed +0 leather jacket (being worn)
 Comestibles  ('%')
  s - 2 uncursed slime molds
  d - an uncursed food ration
  y - a cursed food ration
 Scrolls  ('?')
  r - an uncursed scroll of teleportation
 Potions  ('!')
  K - an uncursed potion of water
 Rings    ('=')
  H - an uncursed ring of cold resistance (on right hand)
  B - an uncursed ring of protection from shape changers
  v - an uncursed ring of stealth (on left hand)
  I - an uncursed ring of sustain ability
 Wands    ('/')
  F - a wand of cancellation (0:5)
  C - a wand of magic missile (0:4)
 Tools    ('(')
  b - an uncursed sack containing 5 items
  l - an uncursed oil lamp
  k - a cursed skeleton key
  f - a tinning kit (0:57)
 Gems/Stones  ('*')
  g - an uncursed touchstone

Contents of the sack:
  78 gold pieces
  an uncursed scroll of identify
  a blessed scroll of remove curse
  an uncursed scroll of scare monster
  a +0 pick-axe

LDaviesPeters the Archeologist's attributes:

Background:
 You were an Investigator, a level 6 female human Archeologist.
 You were neutral, nominally on a mission for Camaxtli
 who was opposed by Quetzalcoatl (lawful) and Huhetotl (chaotic).
 You were right-handed.
 You were in the Dungeons of Doom, on level 4.
 You entered the dungeon 5323 turns ago.
 You had 328 experience points, 312 more were needed to attain level 7.

Basics:
 You had 0 out of 53 hit points.
 You had all 21 energy points (spell power).
 Your armor class was 6.
 Your wallet was empty, but
 you had 78 zorkmids stashed away in your pack.
 Autopickup was off.

Final Characteristics:
 Your strength was 13 (limit:18/100).
 Your dexterity was 13 (limit:18).
 Your constitution was 15 (limit:18).
 Your intelligence was 16 (limit:18).
 Your wisdom was 17 (limit:18).
 Your charisma was 9 (limit:18).

Final Status:
 You weren't hungry.
 You were unencumbered.
 You were wielding a whip.
 You had basic skill with whip and could have enhanced that.

Final Attributes:
 You were piously aligned.
 You were cold resistant.
 Your items were protected from cold.
 You were telepathic.
 You had automatic searching.
 You were stealthy.
 You are dead.

Miscellaneous:
 You didn't encounter any bones levels.
 Total elapsed playing time was 1 hour, 3 minutes and 38 seconds.

Major events:
 Turn
    1: LDaviesPeters the neutral female human Archeologist entered the dungeon
  833: attained the rank of Field Worker (level 3)
 1824: entered the Gnomish Mines
 5271: attained the rank of Investigator (level 6)
 5323: killed by a rothe

Spells:
 Name                 Level Category     Fail Retention
 remove curse           3   clerical     100%   51%-75%
 detect treasure        4   divination   100%  76%-100%

Skills:
 Fighting Skills
   bare handed combat [Unskilled]
   two weapon combat  [Unskilled]
   riding             [Unskilled]
 Weapon Skills
   dagger             [Unskilled]
   knife              [Unskilled]
   pick-axe           [Basic]
   short sword        [Unskilled]
   saber              [Unskilled]
   club               [Unskilled]
   quarterstaff       [Unskilled]
   sling              [Unskilled]
   dart               [Unskilled]
   boomerang          [Unskilled]
   whip               [Basic]
   unicorn horn       [Unskilled]
 Spellcasting Skills
   attack spells      [Unskilled]
   healing spells     [Unskilled]
   divination spells  [Unskilled]
   matter spells      [Unskilled]

Voluntary challenges:
 Character rerolling was not enabled.
 You were an atheist.
 You never genocided any monsters.
 You never polymorphed an object.
 You never changed form.
 You used no wishes.
Achievements:
 You attained the rank of Field Worker.
 You entered the Gnomish Mines.
 You entered a shop.
 You attained the rank of Investigator.

 The Dungeons of Doom: levels 1 to 5
    Level 1:
       A sink.
    Level 2:
    Level 3:
       A fountain.
    Level 4: <- You were here.
       A potion shop.
       Stairs down to The Gnomish Mines.
       Final resting place for
          you, killed by a rothe.
    Level 5:
       A fountain.
 The Gnomish Mines:
    Level 5:


Vanquished creatures:
 an imp
  2 rock moles
  a fog cloud
  a shrieker
  a giant ant
  3 floating eyes
  3 dwarves
  4 hill orcs
  a rothe
  a centipede
  a giant bat
  2 iguanas
 an acid blob
  3 coyotes
  a hobbit
  4 manes
  a hobgoblin
  a giant rat
  4 cave spiders
  2 green molds
  a gnome
  a garter snake
  4 geckos
  6 jackals
  a fox
  6 kobolds
  4 goblins
  2 sewer rats
  6 grid bugs
  7 lichens
  6 newts
82 creatures vanquished.

No species were genocided or became extinct.

Game over:
                       ----------
                      /          \
                     /    REST    \
                    /      IN      \
                   /     PEACE      \
                  /                  \
                  |  LDaviesPeters   |
                  |      78 Au       |
                  |   killed by a    |
                  |      rothe       |
                  |                  |
                  |                  |
                  |       2026       |
                 *|     *  *  *      | *
        _________)/\\_//(\/(/\)/\//\/|_)_______

Goodbye LDaviesPeters the Archeologist...

You died in The Dungeons of Doom on dungeon level 4 with 1583 points,
and 78 pieces of gold, after 5323 moves.
You were level 6 with a maximum of 53 hit points when you died.

